 Dungeon Crawl Stone Soup version 0.30-a0-358-g0d69a1922f (webtiles) character file.

Game seed: 11197937039430322007

364 Charly the Charlatan (level 6, -2/33 HPs)
             Began as a Vine Stalker Artificer on Nov 10, 2022.
             Was a Follower of Cheibriados.
             Slain by an orc
             ... wielding a +0 flail
              (5 damage)
             ... on level 4 of the Dungeon.
             The game lasted 00:08:21 (3087 turns).

Charly the Charlatan (Vine Stalker Artificer)       Turns: 3087, Time: 00:08:22

Health: -2/33      AC:  6    Str: 19    XL:     6   Next: 67%
Magic:  0/7        EV: 11    Int: 13    God:    Cheibriados [*.....]
Gold:   188        SH:  0    Dex: 16    Spells: 5/5 levels left

rFire   . . .      SeeInvis .    a - +1 dagger (vamp)
rCold   . . .      Faith    .    (no shield)
rNeg    . . .      Spirit   +    b - +0 leather armour
rPois   .          Reflect  .    i - +0 helmet
rElec   .          Harm     .    (no cloak)
rCorr   .          Rampage  .    h - +0 pair of gloves
Will    .....                    q - +0 pair of boots
Stlth   ++........               (no amulet)
HPRegen 1.05/turn                (no ring)
MPRegen 0.10/turn                (no ring)

@: lethally poisoned (-2 -> -2), very slow
A: fangs 2, regeneration 1, magic shield, antimagic bite, no potion heal 2
a: Renounce Religion, Bend Time


You were on level 4 of the Dungeon.
You worshipped Cheibriados.
Cheibriados was aware of your devotion.
You visited 1 branch of the dungeon, and saw 5 of its levels.

You collected 188 gold pieces.

Inventory:

Hand Weapons
 a - a +1 vampiric dagger (weapon)
Missiles
 v - a throwing net
 y - 8 poisoned darts (quivered)
Armour
 b - a +0 leather armour (worn)
 h - a +0 pair of gloves (worn)
 i - a +0 helmet (worn)
 q - a +0 pair of boots (worn)
Jewellery
 s - an amulet of faith
Wands
 d - a wand of charming (13)
 e - a wand of iceblast (3)
Scrolls
 c - a scroll of noise {unknown}
 n - a scroll of fear
 u - a scroll of teleportation
 w - a scroll of vulnerability {unknown}
 x - a scroll of poison
 z - a scroll of blinking {unknown}
Potions
 f - 3 potions of curing
 g - 2 potions of invisibility
 k - a potion of mutation
 l - 3 potions of lignification
 m - a potion of haste {unknown}
 o - 2 potions of ambrosia
 p - a potion of degeneration {unknown}
 r - a potion of attraction


   Skills:
 + Level 4.1 Fighting
 - Level 1.5 Armour
 + Level 1.0 Dodging
 - Level 1.2 Stealth
 + Level 5.0 Evocations


You had 5 spell levels left.
You didn't know any spells.
Your spell library contained the following spells:

 Spells                   Type           Power      Damage    Failure   Level
 Dazzling Flash           Conj/Hex       0%         N/A       73%         3
 Agony                    Necr           0%         N/A       100%        5
 Silence                  Hex/Air        0%         N/A       100%        5


Dungeon Overview and Level Annotations

Branches:
Dungeon (5/15)
 Temple: D:4-7

Altars:
Cheibriados


Innate Abilities, Weirdness & Mutations

You have extremely sharp teeth.
Your natural rate of healing is unusually fast.
When hurt, damage is shared between your health and your magic reserves.
Your bite disrupts and absorbs the magic of your enemies.
Potions cannot restore your health.


Message History

You hit the orc.
You feel better.
You kill the orc!
Cheibriados thoroughly appreciates the change of pace.
You hit the orc but do no damage. You bite the orc.
You kill the orc!
Cheibriados appreciates the change of pace.
You hit the orc wizard but do no damage.
Your bite misses the orc wizard.
The orc wizard is heavily wounded.
The orc wizard casts a spell.
The orc wizard flickers and vanishes!
Deactivating autopickup; reactivate with Ctrl-A.
You closely miss something. You bite something. You drain its magic.
The orc hits you with a +0 flail. The orc hits you with a +0 club.
Something hits you.
You are poisoned.
Items here: )) [ ††.
You closely miss the orc. You punch the orc.
The orc is moderately wounded.
You feel sick. The orc barely misses you. x2
You closely miss something. You bite something.
You feel sick. The orc hits you with a +0 flail. The orc closely misses you.
You hit something.
You feel better.
Your bite misses something.
You feel sick. The orc hits you but does no damage. Something hits you.
The orc barely misses you.
You miss something. Your bite misses something. The orc barely misses you.
Something hits you. The orc hits you with a +0 flail!
Aiming: Iceblast
Press: ? - help, Shift-Dir - straight line The mass of ice explodes!
The iceblast engulfs something!
Cheibriados appreciates the change of pace.
Reactivating autopickup.
You feel a bit more experienced. The iceblast engulfs you!
* * * LOW HITPOINT WARNING * * *
You feel sick.
You hear a shout!
The orc hits you with a +0 club.
* * * LOW HITPOINT WARNING * * *
The orc hits you with a +0 flail.
You die...

######## #
#######......# .#
###.........##.## ..
....#######....)####'##
....# #..##.@o)...#
....# #..####o)...#
..### #.## #.....'...
<.#!+ +.# #.....#...
..### #.# ##+##.# ..
#...# #.#.. .# . ..#.#
#... . ..#.#######.. ..
..#.........#


You could see 2 orcs.

Vanquished Creatures
  A necrophage (D:5)
  An orc priest (D:5)
  A hound (D:5)
  2 iguanas
  An orc wizard (D:4)
  5 gnolls (D:2)
  3 adders
  2 worms
  2 dart slugs
  14 orcs
  6 ball pythons
  5 endoplasms
  2 giant cockroaches
  8 goblins
  2 hobgoblins
  4 jackals (D:5)
  2 quokkas
  3 bats
  2 frilled lizards
  4 kobolds
  5 rats
75 creatures vanquished.

Vanquished Creatures (collateral kills)
  3 gnolls
3 creatures vanquished.

Vanquished Creatures (others)
  A gnoll (D:2)
1 creature vanquished.

Grand Total: 79 creatures vanquished

Notes
Turn   | Place    | Note
-------+----------+-------------------------------------------
     0 | D:1      | Charly the Vine Stalker Artificer began the quest for the
                  | Orb.
     0 | D:1      | Reached XP level 1. HP: 9/9 MP: 2/2
    27 | D:1      | Reached skill level 1 in Fighting
   400 | D:1      | Reached skill level 3 in Evocations
   400 | D:1      | Reached XP level 2. HP: 14/14 MP: 3/3
   979 | D:2      | Reached XP level 3. HP: 17/18 MP: 2/4
  1049 | D:2      | Gained mutation: Your natural rate of healing is unusually
                  | fast. [Vine Stalker growth]
  1049 | D:2      | Reached XP level 4. HP: 23/23 MP: 5/5
  1930 | D:3      | Reached skill level 4 in Evocations
  1930 | D:3      | Reached XP level 5. HP: 28/28 MP: 6/6
  2208 | D:3      | Identified the +0 robe of Xaixkyb {Int+4}
  2618 | D:4      | You fall into a shaft and drop 1 floor!
  2618 | D:5      | Entered Level 5 of the Dungeon
  2637 | D:5      | Found a snail-covered altar of Cheibriados.
  2646 | D:5      | Noticed a water moccasin
  2646 | D:5      | Noticed an ice beast
  2652 | D:5      | Became a worshipper of Cheibriados the Contemplative
  2661 | D:4      | Noticed an ogre
  2751 | D:5      | Reached XP level 6. HP: 32/32 MP: 7/7
  2983 | D:4      | Reached skill level 5 in Evocations
  3001 | D:4      | Reached skill level 1 in Dodging
  3059 | D:4      | Reached * piety under Cheibriados
  3087 | D:4      | Slain by an orc

Illustrated notes

Levels and vault maps discovered:
D:1:      spicycebolla_green_bress_n_ham, layout_basic
D:2:      layout_rooms
D:3:      layout_loops_ring, st_stairs_14, nicolae_hexahallways,
          nicolae_concentric_dashed_squares_mild
D:4:      layout_gridville, nicolae_ru_awakened_eye, grunt_tough_drop
D:5:      layout_gridville, cheibriados_altar_2, mainiacjoe_overflow_catwalk,
          minmay_misc_feat_pillars, kennysheep_generic_room_12

Skill      XL: |  1  2  3  4  5  6 |
---------------+-------------------+-----
Fighting       | 1 2 3 4 |  4.1
Evocations     | 3 4 5 |  5.0
Dodging        | 1 |  1.0
Armour         | |  1.5
Stealth        | |  1.2

Action                   |  1- 3 |  4- 6 || total
-------------------------+-------+-------++-------
Melee: Club              |    11 |       ||    11
       Bite              |     8 |    79 ||    87
       Dagger            |    32 |   253 ||   285
       Punch             |       |     3 ||     3
Throw: Throwing net      |       |     2 ||     2
       Dart              |       |     4 ||     4
Evoke: Wand              |    13 |     6 ||    19
  Use: Scroll            |       |    12 ||    12
 Stab: Sleeping          |       |     2 ||     2
Armor: Leather armour    |     9 |    69 ||    78
Dodge: Dodged            |    30 |   147 ||   177

Table legend: (Time is in decaauts)
 A = Elapsed time spent in this place.
 B = Non-inter-level travel time spent in this place.
 C = Inter-level travel time spent in this place.
 D = Time resting spent in this place.
 E = Time spent auto-exploring this place.
 F = Levels seen in this place.
 G = Mean time per level.
                   A        B        C        D        E       F      G
               +--------+--------+--------+--------+--------+-----+--------+
         Total |   3151 |   2959 |    192 |     23 |   2149 |   5 |  630.2 |
       Dungeon |   3151 |   2959 |    192 |     23 |   2149 |   5 |  630.2 |
               +--------+--------+--------+--------+--------+-----+--------+

Top non-repeatable levels by time:
     D:3: 1019 daAuts
     D:1: 954 daAuts
     D:2: 630 daAuts
     D:5: 332 daAuts
     D:4: 215 daAuts
